TOP OF THE 1ST |
---|
Culver City Extras batting - Pitching for Moose Jaw Ghostbusters : LHP Colton Elías | Pitching: LHP Colton Elías | | Batting: RHB Jamie Swyers | 0-0: Ball 1-0: Called Strike 1-1: Ball 2-1: Fly out, F8 (Flyball, 8LD) | Batting: RHB Mitchell Darragh | 0-0: Ball 1-0: Fly out, F4 (Popup, 4S) | Batting: RHB Pancho Reyna | 0-0: SINGLE (Line Drive, 6MD) | Batting: LHB Randy Wiggins | 0-0: Ball 1-0: SINGLE (Flyball, 7LS) Pancho Reyna to second | Batting: RHB Clarence Harrison | 0-0: SINGLE (Groundball, 4MD) Pancho Reyna to third Randy Wiggins to second Runner from 3rd tries for Home, SAFE, throw made home | Batting: LHB Juan Hinojosa | 0-0: Ball 1-0: Foul Ball, location: 2F 1-1: Foul Ball, location: 2F 1-2: Ball 2-2: Foul Ball, location: 2F 2-2: Foul Ball, location: 2F 2-2: Ball 3-2: Fly out, F9 (Flyball, 89S) | Top of the 1st over - 1 run, 3 hits, 0 errors, 2 left on base; Culver City 1 - Moose Jaw 0 | BOTTOM OF THE 1ST |
---|
Moose Jaw Ghostbusters batting - Pitching for Culver City Extras : LHP Dennis Morales | Pitching: LHP Dennis Morales | | Batting: LHB Jon Rogers | 0-0: Called Strike 0-1: Foul Ball, location: 2F 0-2: Ball 1-2: Strikes out swinging | Batting: RHB Bob Cole | 0-0: Fly out, F9 (Flyball, 9LS) | Batting: RHB Billy Mullins | 0-0: Ball 1-0: Called Strike 1-1: Ball 2-1: Fly out, F3 (Popup, 3SF) | Bottom of the 1st over - 0 runs, 0 hits, 0 errors, 0 left on base; Culver City 1 - Moose Jaw 0 | TOP OF THE 2ND |
---|
Culver City Extras batting - Pitching for Moose Jaw Ghostbusters : LHP Colton Elías | Batting: LHB Buddy Rice | 0-0: Ball 1-0: Called Strike 1-1: Ground out 5-3 (Groundball, 5) | Batting: LHB Richard Bell | 0-0: Fly out, F6 (Popup, 6) | Batting: SHB Joey Boyd | 0-0: Ball 1-0: Ball 2-0: Ball 3-0: Called Strike 3-1: Base on Balls | Batting: RHB Jamie Swyers | 0-0: Ball Joey Boyd steals 2nd base 1-0: Ball 2-0: Called Strike 2-1: Swinging Strike 2-2: Ball 3-2: Foul Ball, location: 2F 3-2: Base on Balls | Batting: RHB Mitchell Darragh | 0-0: Ball 1-0: Foul Ball, location: 2F 1-1: Fielders Choice at 2nd, 6-4 (Groundball, 6) | Top of the 2nd over - 0 runs, 0 hits, 0 errors, 2 left on base; Culver City 1 - Moose Jaw 0 | BOTTOM OF THE 2ND |
---|
Moose Jaw Ghostbusters batting - Pitching for Culver City Extras : LHP Dennis Morales | Batting: RHB Yasuhiko Sumita | 0-0: Called Strike 0-1: Ball 1-1: Ball 2-1: Ball 3-1: Base on Balls | Batting: LHB Jon Scott | 0-0: Ball 1-0: SINGLE (Line Drive, 4MD) Yasuhiko Sumita to second | Batting: RHB Aaron Murray | 0-0: Ball 1-0: Foul Ball, location: 2F 1-1: Foul Ball, location: 2F 1-2: SINGLE (Line Drive, 78S) Yasuhiko Sumita to third Jon Scott to second | Batting: LHB John Stone | 0-0: Fielders Choice at 2nd, 6-4 (Groundball, 6M) Yasuhiko Sumita scores Jon Scott to third | Batting: LHB Tony Beck | 0-0: Called Strike John Stone steals 2nd base 0-1: DOUBLE (Flyball, 78D) Jon Scott scores John Stone scores | Batting: RHB Johnny MacNamara | 0-0: Ball 1-0: Fly out, F9 (Flyball, 9) | Batting: LHB Jon Rogers | 0-0: Ball 1-0: Foul Ball, location: 2F 1-1: Ball 2-1: Swinging Strike 2-2: Ground out U3 (Groundball, 3) | Bottom of the 2nd over - 3 runs, 3 hits, 0 errors, 1 left on base; Culver City 1 - Moose Jaw 3 | TOP OF THE 3RD |
---|
Culver City Extras batting - Pitching for Moose Jaw Ghostbusters : LHP Colton Elías | Batting: RHB Pancho Reyna | 0-0: Ball 1-0: Foul Ball, location: 2F 1-1: DOUBLE (Line Drive, 3D) | Batting: LHB Randy Wiggins | 0-0: Called Strike 0-1: Ball 1-1: Foul Ball, location: 2F 1-2: Ball 2-2: Strikes out swinging | Batting: RHB Clarence Harrison | 0-0: Ground out 4-3 (Groundball, 4) Pancho Reyna to third | Batting: LHB Juan Hinojosa | 0-0: Called Strike 0-1: SINGLE (Groundball, 6MD) Pancho Reyna scores | Batting: LHB Buddy Rice | 0-0: Ball Wild Pitch! Juan Hinojosa to second 1-0: Ball 2-0: Ball 3-0: Base on Balls | Batting: LHB Richard Bell | 0-0: Foul Ball, location: 2F 0-1: Called Strike 0-2: Ball 1-2: Ball 2-2: Fly out, F1 (Line Drive, 13) | Top of the 3rd over - 1 run, 2 hits, 0 errors, 2 left on base; Culver City 2 - Moose Jaw 3 | BOTTOM OF THE 3RD |
---|
Moose Jaw Ghostbusters batting - Pitching for Culver City Extras : LHP Dennis Morales | Batting: RHB Bob Cole | 0-0: Called Strike 0-1: Ball 1-1: Fly out, F2 (Popup, 2LF) | Batting: RHB Billy Mullins | 0-0: Ball 1-0: Ball 2-0: Foul Ball, location: 2F 2-1: Ball 3-1: Ground out 6-3 (Groundball, 6) | Batting: RHB Yasuhiko Sumita | 0-0: Ball 1-0: Foul Ball, location: 2F 1-1: Foul Ball, location: 2F 1-2: Foul Ball, location: 2F 1-2: Ball 2-2: Strikes out swinging | Bottom of the 3rd over - 0 runs, 0 hits, 0 errors, 0 left on base; Culver City 2 - Moose Jaw 3 | TOP OF THE 4TH |
---|
Culver City Extras batting - Pitching for Moose Jaw Ghostbusters : LHP Colton Elías | Batting: SHB Joey Boyd | 0-0: Ball 1-0: Called Strike 1-1: Ball 2-1: Foul Ball, location: 2F 2-2: Strikes out swinging | Batting: RHB Jamie Swyers | 0-0: Ball 1-0: Ball 2-0: Foul Ball, location: 2F 2-1: Fly out, F7 (Flyball, 7LS) | Batting: RHB Mitchell Darragh | 0-0: Ball 1-0: Ball 2-0: Called Strike 2-1: Ball 3-1: Base on Balls | Batting: RHB Pancho Reyna | 0-0: Ball Mitchell Darragh is caught stealing 2nd base | Top of the 4th over - 0 runs, 0 hits, 0 errors, 0 left on base; Culver City 2 - Moose Jaw 3 | BOTTOM OF THE 4TH |
---|
Moose Jaw Ghostbusters batting - Pitching for Culver City Extras : LHP Dennis Morales | Batting: LHB Jon Scott | 0-0: Foul Ball, location: 2F 0-1: Called Strike 0-2: Strikes out swinging | Batting: RHB Aaron Murray | 0-0: Ball 1-0: SINGLE (Flyball, 8RS) | Batting: LHB John Stone | 0-0: Called Strike 0-1: Ball 1-1: SINGLE (Line Drive, 78M) Aaron Murray to second | Batting: LHB Tony Beck | 0-0: Swinging Strike 0-1: Ball 1-1: Foul Ball, location: 2F 1-2: Ball 2-2: Ball Wild Pitch! Aaron Murray to third John Stone to second 3-2: Foul Ball, location: 2F 3-2: Foul Ball, location: 2F 3-2: Base on Balls | Batting: RHB Johnny MacNamara | 0-0: Ball 1-0: Ball 2-0: Called Strike 2-1: Foul Ball, location: 2F 2-2: Ball 3-2: Strikes out swinging | Batting: LHB Jon Rogers | 0-0: Ball 1-0: Fly out, F2 (Popup, 15S) | Bottom of the 4th over - 0 runs, 2 hits, 0 errors, 3 left on base; Culver City 2 - Moose Jaw 3 | TOP OF THE 5TH |
---|
Culver City Extras batting - Pitching for Moose Jaw Ghostbusters : LHP Colton Elías | Batting: RHB Pancho Reyna | 0-0: Called Strike 0-1: Ball 1-1: Fly out, F9 (Flyball, 89D) | Batting: LHB Randy Wiggins | 0-0: Ball 1-0: Ball 2-0: SINGLE (Groundball, 6MD) | Batting: RHB Clarence Harrison | 0-0: Ball 1-0: Fly out, F8 (Flyball, 89M) | Batting: LHB Juan Hinojosa | 0-0: Ground out U3 (Groundball, 3L) | Top of the 5th over - 0 runs, 1 hit, 0 errors, 1 left on base; Culver City 2 - Moose Jaw 3 | BOTTOM OF THE 5TH |
---|
Moose Jaw Ghostbusters batting - Pitching for Culver City Extras : LHP Dennis Morales | Batting: RHB Bob Cole | 0-0: Called Strike 0-1: Called Strike 0-2: Ball 1-2: Foul Ball, location: 2F 1-2: Ball 2-2: Ball 3-2: Base on Balls | Batting: RHB Billy Mullins | 0-0: Foul Ball, location: 2F 0-1: Ball 1-1: Foul Ball, location: 2F 1-2: Ball 2-2: Foul Ball, location: 2F 2-2: DOUBLE (Flyball, 8RD) Bob Cole to third Runner from 3rd tries for Home, SAFE, no throw | Batting: RHB Yasuhiko Sumita | 0-0: Ball 1-0: Foul Ball, location: 2F 1-1: Ball 2-1: Swinging Strike 2-2: Ball 3-2: Ground out 5-3 (Groundball, 56) | Batting: LHB Jon Scott | 0-0: Ground out 4-3 (Groundball, 4) Billy Mullins to third | Batting: RHB Aaron Murray | 0-0: Ball 1-0: Ball 2-0: Foul Ball, location: 2F 2-1: Foul Ball, location: 2F 2-2: Ground out 4-3 (Groundball, 4) | Bottom of the 5th over - 1 run, 1 hit, 0 errors, 1 left on base; Culver City 2 - Moose Jaw 4 | TOP OF THE 6TH |
---|
Culver City Extras batting - Pitching for Moose Jaw Ghostbusters : LHP Colton Elías | Batting: LHB Buddy Rice | 0-0: Ball 1-0: Ball 2-0: Swinging Strike 2-1: Ball 3-1: Reached on error, E4 (Groundball, 4) | Batting: LHB Richard Bell | 0-0: Called Strike 0-1: Fly out, F8 (Flyball, 78D) | Batting: SHB Joey Boyd | 0-0: Called Strike 0-1: SINGLE (Groundball, 34D) Buddy Rice to second Runner from 2nd tries for 3rd, SAFE, no throw | Batting: RHB Jamie Swyers | 0-0: Ball Joey Boyd steals 2nd base 1-0: Ball 2-0: Swinging Strike 2-1: Fly out, F4 (Popup, 3D) | Batting: RHB Mitchell Darragh | 0-0: Ball 1-0: Called Strike 1-1: Ball 2-1: Ball 3-1: Called Strike 3-2: Base on Balls | Batting: RHB Pancho Reyna | 0-0: Ball 1-0: Foul Ball, location: 2F 1-1: Ball 2-1: Swinging Strike 2-2: Strikes out swinging | Top of the 6th over - 0 runs, 1 hit, 1 error, 3 left on base; Culver City 2 - Moose Jaw 4 | BOTTOM OF THE 6TH |
---|
Moose Jaw Ghostbusters batting - Pitching for Culver City Extras : LHP Dennis Morales | Pitching: RHP José García | | Batting: LHB John Stone | 0-0: Called Strike 0-1: Ball 1-1: Ball 2-1: Ball 3-1: Ground out 6-3 (Groundball, 6) | Batting: LHB Tony Beck | 0-0: Ball 1-0: Fly out, F7 (Flyball, 7S) | Batting: RHB Johnny MacNamara | 0-0: SINGLE (Groundball, 34S) (infield hit) | Batting: LHB Jon Rogers | 0-0: Ball 1-0: Ball Johnny MacNamara steals 2nd base 2-0: Ball 3-0: Base on Balls | Batting: RHB Bob Cole | 0-0: Ball 1-0: Ball 2-0: Foul Ball, location: 2F 2-1: Foul Ball, location: 2F 2-2: Foul Ball, location: 2F 2-2: Strikes out swinging | Bottom of the 6th over - 0 runs, 1 hit, 0 errors, 2 left on base; Culver City 2 - Moose Jaw 4 | TOP OF THE 7TH |
---|
Culver City Extras batting - Pitching for Moose Jaw Ghostbusters : LHP Colton Elías | Pitching: RHP Tom Fisher | | Batting: LHB Randy Wiggins | 0-0: SOLO HOME RUN (Flyball, 9LD), Distance : 318 ft | Batting: RHB Clarence Harrison | 0-0: Called Strike 0-1: Ball 1-1: Ball 2-1: Ball 3-1: Ground out 6-3 (Groundball, 6) | Batting: LHB Juan Hinojosa | 0-0: Ball 1-0: Ground out 5-3 (Groundball, 56) | Batting: LHB Buddy Rice | 0-0: Fly out, F8 (Flyball, 8RM) | Top of the 7th over - 1 run, 1 hit, 0 errors, 0 left on base; Culver City 3 - Moose Jaw 4 | BOTTOM OF THE 7TH |
---|
Moose Jaw Ghostbusters batting - Pitching for Culver City Extras : RHP José García | Batting: RHB Billy Mullins | 0-0: Ball 1-0: Ball 2-0: Called Strike 2-1: Ball 3-1: Base on Balls | Batting: RHB Yasuhiko Sumita | 0-0: Ball 1-0: Ball 2-0: Ball 3-0: Called Strike 3-1: Base on Balls Billy Mullins to second | Pitching: LHP Marcos Ortíz | | Pinch Hitting: SHB Rafael Acosta | 0-0: Called Strike 0-1: Ball 1-1: Swinging Strike 1-2: Strikes out swinging | Pitching: LHP Orlando Morales | | Batting: RHB Aaron Murray | 0-0: Ball 1-0: Fly out, F9 (Flyball, 9D) Runner from 2nd tags up, SAFE at 3rd, no throw | Batting: LHB John Stone | 0-0: Fly out, F7 (Flyball, 7LS) | Bottom of the 7th over - 0 runs, 0 hits, 0 errors, 2 left on base; Culver City 3 - Moose Jaw 4 | TOP OF THE 8TH |
---|
Culver City Extras batting - Pitching for Moose Jaw Ghostbusters : RHP Tom Fisher | Pitching: LHP Javier Galeas | | Now in RF: Rafael Acosta | | Batting: LHB Richard Bell | 0-0: Swinging Strike 0-1: SINGLE (Line Drive, 4MD) | Pitching: RHP José Orozco | | Pinch Runner at 1st Marcos Liñares: | | Batting: SHB Joey Boyd | 0-0: Ball 1-0: Sac Bunt - play at first, batter OUT! 1-4 Marcos Liñares to second | Batting: RHB Jamie Swyers | 0-0: Called Strike 0-1: Foul Ball, location: 2F 0-2: SINGLE (Flyball, 89S) Marcos Liñares to third Runner from 3rd tries for Home, SAFE, no throw | Pinch Hitting: LHB Tony Smith | 0-0: Called Strike 0-1: Ball 1-1: Swinging Strike 1-2: Strikes out swinging | Batting: RHB Pancho Reyna | 0-0: Ball 1-0: Called Strike 1-1: Fly out, F7 (Line Drive, 7LM) | Top of the 8th over - 1 run, 2 hits, 0 errors, 1 left on base; Culver City 4 - Moose Jaw 4 | BOTTOM OF THE 8TH |
---|
Moose Jaw Ghostbusters batting - Pitching for Culver City Extras : LHP Orlando Morales | Now at 2B: Marcos Liñares | | Now in CF: Jorge Martínez | | Batting: LHB Tony Beck | 0-0: Ball 1-0: Swinging Strike 1-1: Foul Ball, location: 2F 1-2: Foul Ball, location: 2F 1-2: Ball 2-2: Ball 3-2: Ground out 4-3 (Groundball, 4) | Batting: RHB Johnny MacNamara | 0-0: SINGLE (Flyball, 89S) | Batting: LHB Jon Rogers | 0-0: Foul Ball, location: 2F 0-1: Ground out 3-1 (Groundball, 23) Johnny MacNamara to second | Batting: RHB Bob Cole | 0-0: Foul Ball, location: 2F 0-1: Ball 1-1: Foul Ball, location: 2F 1-2: SINGLE (Groundball, 56D) Johnny MacNamara to third Runner from 3rd tries for Home, SAFE, throw made home | Batting: RHB Billy Mullins | 0-0: Called Strike 0-1: Foul Ball, location: 2F 0-2: Strikes out swinging | Bottom of the 8th over - 1 run, 2 hits, 0 errors, 1 left on base; Culver City 4 - Moose Jaw 5 | TOP OF THE 9TH |
---|
Culver City Extras batting - Pitching for Moose Jaw Ghostbusters : RHP José Orozco | Batting: LHB Randy Wiggins | 0-0: Ground out U3 (Groundball, 3L) | Batting: RHB Clarence Harrison | 0-0: Ball 1-0: Ground out 4-3 (Groundball, 34) | Batting: LHB Juan Hinojosa | 0-0: Ball 1-0: Ball 2-0: Ball 3-0: Called Strike 3-1: Foul Ball, location: 2F 3-2: Base on Balls | Batting: LHB Buddy Rice | 0-0: Ball 1-0: Called Strike 1-1: Ball 2-1: Called Strike 2-2: Foul Ball, location: 2F 2-2: Ball 3-2: SINGLE (Flyball, 8LM) Juan Hinojosa to second Juan Hinojosa to third | Batting: RHB Marcos Liñares | 0-0: SINGLE (Groundball, 5S) (infield hit) Juan Hinojosa scores Buddy Rice to second | Pinch Hitting: RHB Horace Johnson | 0-0: Ball 1-0: Called Strike 1-1: Swinging Strike 1-2: Fly out, F9 (Line Drive, 89M) | Top of the 9th over - 1 run, 2 hits, 0 errors, 2 left on base; Culver City 5 - Moose Jaw 5 | BOTTOM OF THE 9TH |
---|
Moose Jaw Ghostbusters batting - Pitching for Culver City Extras : LHP Orlando Morales | Now at 3B: Horace Johnson | | Batting: RHB Yasuhiko Sumita | 0-0: Called Strike 0-1: Swinging Strike 0-2: Foul Ball, location: 2F 0-2: Ball 1-2: Ground out 5-3 (Groundball, 56) | Batting: SHB Rafael Acosta | 0-0: Fly out, F8 (Flyball, 89D) | Batting: RHB Aaron Murray | 0-0: Ball 1-0: Ball 2-0: Foul Ball, location: 2F 2-1: SINGLE (Flyball, 9S) | Batting: LHB John Stone | 0-0: Called Strike 0-1: Ball 1-1: Foul Ball, location: 2F 1-2: Fielders Choice at 2nd, U6 (Groundball, 6M) | Bottom of the 9th over - 0 runs, 1 hit, 0 errors, 1 left on base; Culver City 5 - Moose Jaw 5 | TOP OF THE 10TH |
---|
Culver City Extras batting - Pitching for Moose Jaw Ghostbusters : RHP José Orozco | Batting: RHB Jamie Swyers | 0-0: Foul Ball, location: 2F 0-1: Ball 1-1: Swinging Strike 1-2: Strikes out swinging | Batting: LHB Jorge Martínez | 0-0: Ground out 4-3 (Groundball, 34) | Batting: RHB Pancho Reyna | 0-0: SINGLE (Line Drive, 7S) | Pinch Runner at 1st Jason McIntosh: | | Batting: LHB Randy Wiggins | 0-0: Ball 1-0: Foul Ball, location: 2F 1-1: Ball Jason McIntosh steals 2nd base 2-1: Ball 3-1: Called Strike 3-2: DOUBLE (Flyball, 8RXD) Jason McIntosh scores | Batting: RHB Clarence Harrison | 0-0: Called Strike 0-1: Ground out 6-3 (Groundball, 6S) | Top of the 10th over - 1 run, 2 hits, 0 errors, 1 left on base; Culver City 6 - Moose Jaw 5 | BOTTOM OF THE 10TH |
---|
Moose Jaw Ghostbusters batting - Pitching for Culver City Extras : LHP Orlando Morales | Pitching: RHP Alejandro Longoria | | Now at C: Robert Koremans | | Batting: LHB Tony Beck | 0-0: Ball 1-0: Ball 2-0: Ball 3-0: Called Strike 3-1: Foul Ball, location: 2F 3-2: SINGLE (Line Drive, 89M) | Pinch Runner at 1st Michael Miller: | | Batting: RHB Johnny MacNamara | 0-0: Called Strike 0-1: Ball 1-1: Swinging Strike 1-2: 2-RUN HOME RUN (Flyball, 7D), Distance : 383 ft | Saturday, December 16th, 2017 - OOTP Baseball 18.8 Build 76 |
|